 Dungeon Crawl Stone Soup version 0.31-a0-234-gad7ace16ef (webtiles) character file.

Game seed: 13333386476327163077

121 qw the Shooter (level 4, -1/37 HPs)
             Began as a Minotaur Hexslinger on July 9, 2023.
             Slain by an orc priest
             ... wielding a +0 falchion
              (6 damage)
             ... on level 3 of the Dungeon.
             The game lasted 00:00:47 (1791 turns).

qw the Shooter (Minotaur Hexslinger)                Turns: 1791, Time: 00:00:48

Health: -1/37      AC:  6    Str: 12    XL:     4   Next: 77%
Magic:  4/4        EV: 11    Int: 10    God:
Gold:   1237       SH:  0    Dex: 15    Spells: 4/5 levels left

rFire   . . .        Y - +2 sling
rCold   . . .        (no shield)
rNeg    . . .        i - +0 ring mail
rPois   .            (helmet restricted)
rElec   .            (no cloak)
rCorr   .            a - +0 pair of gloves
SInv    .            (no boots)
Will    .....        (no amulet)
Stlth   +            (no ring)
HPRegen 0.26/turn    (no ring)
MPRegen 0.09/turn

%: no passive effects
@: about to teleport
A: horns 2, retaliatory headbutt
a: no special abilities


You were on level 3 of the Dungeon.
You visited 1 branch of the dungeon, and saw 3 of its levels.

You collected 1237 gold pieces.


Innate Abilities, Weirdness & Mutations

You have a pair of horns on your head.
You reflexively headbutt those who attack you in melee.


   Skills:
 + Level 2.3 Fighting
 - Level 5.0 Ranged Weapons
 - Level 1.0 Armour
 - Level 2.1 Dodging
 - Level 1.0 Spellcasting
 - Level 2.0 Hexes


You had 4 spell levels left.
You knew the following spells:

 Your Spells              Type           Power      Damage    Failure   Level
a - Slow                  Hex            16%        N/A       34%         1

Your spell library contained the following spells:

 Spells                   Type           Power      Damage    Failure   Level
 Inner Flame              Hex/Fire       2%         N/A       83%         3
 Portal Projectile        Hex/Tloc       4%         N/A       83%         3
 Cause Fear               Hex            2%         N/A       98%         4

Inventory:

Hand Weapons
 Y - a +2 sling (weapon)
Armour
 a - a +0 pair of gloves (worn)
 f - a +1 robe of resistance
 i - a +0 ring mail (worn)
Jewellery
 c - a ring of positive energy
Scrolls
 d - a scroll of fear {unknown}
 l - 2 scrolls of identify
Potions
 b - a potion of cancellation {unknown}
 e - 3 potions of curing
 h - a potion of heal wounds {unknown}
 m - a potion of mutation {unknown}

Dungeon Overview and Level Annotations

Branches:
Dungeon (3/15)

Altars:


Message History

You shoot a sling bullet.
The sling bullet barely misses the orc priest.
The orc priest hits you with a +0 falchion.
You shoot a sling bullet.
The sling bullet closely misses the orc priest.
The sling bullet closely misses the orc wizard.
The orc priest closely misses you.
You shoot a sling bullet.
The sling bullet closely misses the orc priest.
The sling bullet closely misses the orc wizard.
The orc priest barely misses you.
The orc priest miscasts a cantrip.
You shoot a sling bullet.
The sling bullet hits the orc priest but does no damage.
The orc priest hits you with a +0 falchion.
The orc wizard gestures wildly while chanting.
The orc wizard flickers and vanishes!
Deactivating autopickup; reactivate with Ctrl-A.
You shoot a sling bullet.
The sling bullet barely misses the orc priest.
The orc priest calls down the wrath of Beogh upon you.
Pain shoots through your body!
You shoot a sling bullet.
The sling bullet closely misses the orc priest.
The orc priest hits you with a +0 falchion.
You shoot a sling bullet.
The sling bullet closely misses the orc priest.
The orc priest begins to cast a cantrip, but forgets the words!
The orc priest misses you.
You shoot a sling bullet. The sling bullet hits the orc priest.
The orc priest is moderately wounded.
The orc priest hits you with a +0 falchion.
You shoot a sling bullet. The sling bullet hits the orc priest.
The orc priest is severely wounded.
The orc priest hits you with a +0 falchion!
1791 ||| READING scroll of teleportation.
As you read the scroll of teleportation, it crumbles to dust.
You feel strangely unstable.
The orc priest hits you with a +0 falchion.
You die...

######### #.......#
#.......# ####
#.......# ...# ##
#.......# ...# #<
#.......# ...#####
#.###.......#
...#...#
#{o@'.......#
...#...#
#)###.......#
...#...#
#.#######.##########
.......+
oo...)............>#
...#...#
o...######.########.#
####...# #... #.# #.#
#...# #... ..# #.#
##...# ##..#
###########.# #....#
#.. #
######..........(#


You could see an orc priest.

Vanquished Creatures
  A jelly (D:3)
  2 adders
  2 dart slugs (D:1)
  4 orcs (D:3)
  7 ball pythons
  A bat (D:2)
  6 endoplasms
  3 giant cockroaches
  6 goblins
  5 hobgoblins
  4 jackals (D:1)
  3 quokkas
  3 frilled lizards
  5 kobolds
  7 rats
59 creatures vanquished.

Notes
Turn   | Place    | Note
-------+----------+-------------------------------------------
     0 | D:1      | qw the Minotaur Hexslinger began the quest for the Orb.
     0 | D:1      | Reached XP level 1. HP: 16/16 MP: 1/1
     0 | D:1      | 0 ||| qw: Version: 0.3-a-51-g015441d
     0 | D:1      | 0 ||| qw: Game counter: 4333
     0 | D:1      | 0 ||| qw: Melee chars always use a shield: true
     0 | D:1      | 0 ||| qw: God list: Okawaru
     0 | D:1      | 0 ||| qw: Allow faded altars: false
     0 | D:1      | 0 ||| qw: Do Orc after clearing Dungeon:15 true
     0 | D:1      | 0 ||| qw: Do second Lair branch before Depths: true
     0 | D:1      | 0 ||| qw: Lair rune preference: random
     0 | D:1      | 0 ||| qw: Goals: Normal
     0 | D:1      | 0 ||| PLANNING D:1-11
   283 | D:1      | Reached skill level 3 in Ranged Weapons
   283 | D:1      | Reached XP level 2. HP: 23/23 MP: 2/2
   411 | D:1      | 411 ||| FLEEEEING.
   412 | D:1      | 412 ||| FLEEEEING.
   440 | D:1      | Reached XP level 3. HP: 29/29 MP: 3/3
  1008 | D:1      | 1008 ||| UPGRADING to +0 ring mail.
  1018 | D:1      | 1018 ||| DROPPING +0 robe.
  1019 | D:1      | 1019 ||| READING scroll labelled QIOCSE ZIMMOH.
  1019 | D:1      | Identified a scroll of acquirement
  1019 | D:1      | 1019 ||| ACQUIRING 1084 gold pieces
  1019 | D:1      | Acquired 1084 gold pieces
  1021 | D:1      | 1021 ||| READING scroll labelled NIOSSUFOGI.
  1022 | D:1      | 1022 ||| READING scroll labelled QEES HY XIKKUU.
  1026 | D:1      | 1026 ||| READING scroll labelled YSHRIO MOFI.
  1027 | D:1      | 1027 ||| READING scroll labelled ERELOA KUCHY.
  1028 | D:1      | 1028 ||| READING scroll labelled DEORAX LEILEXT.
  1029 | D:1      | 1029 ||| DRINKING 2 coppery potions.
  1030 | D:1      | 1030 ||| DROPPING scroll of poison.
  1115 | D:2      | Reached skill level 4 in Ranged Weapons
  1236 | D:2      | Reached skill level 1 in Armour
  1492 | D:2      | 1492 ||| UPGRADING to +0 pair of gloves.
  1497 | D:2      | 1497 ||| DROPPING ring of flight.
  1498 | D:2      | 1498 ||| READING scroll labelled SEIDANKIMUI.
  1499 | D:2      | 1499 ||| READING 4 scrolls labelled DIYTWE COIF.
  1500 | D:2      | 1500 ||| READING scroll labelled XIGAUL AXKA.
  1501 | D:2      | 1501 ||| DRINKING 2 black potions.
  1502 | D:2      | 1502 ||| DROPPING 3 scrolls of blinking.
  1503 | D:2      | 1503 ||| DROPPING potion of brilliance.
  1559 | D:3      | Reached XP level 4. HP: 36/36 MP: 4/4
  1725 | D:3      | Reached skill level 5 in Ranged Weapons
  1778 | D:3      | 1778 ||| Stepping ~*~*~tactically~*~*~ (outnumbered).
  1790 | D:3      | HP: 5/37 [orc priest/+0 falchion (8)]
  1791 | D:3      | 1791 ||| READING scroll of teleportation.
  1791 | D:3      | Slain by an orc priest

Levels and vault maps discovered:
D:1:      dpeg_cavernosity, layout_basic
D:2:      layout_rooms, serial_bayou_pond_b
D:3:      minmay_octagon_keep, layout_basic

Skill      XL: |  1  2  3  4 |
---------------+-------------+-----
Ranged Weapons | 3 4 5 |  5.0
Fighting       | 2 |  2.3
Armour         | 1 |  1.0
Dodging        | |  2.1
Spellcasting   | |  1.0
Hexes          | |  2.0

Action                     |  1- 3 |  4- 6 || total
---------------------------+-------+-------++-------
   Fire: Sling             |   130 |    39 ||   169
    Use: Scroll            |     9 |     1 ||    10
         Potion            |     2 |       ||     2
 Armour: Robe              |     6 |       ||     6
         Ring mail         |    12 |     1 ||    13
  Dodge: Dodged            |    35 |     8 ||    43

Table legend:
 A = Non-vault XP
 B = Vault XP
 C = Vault XP percentage of total XP
 D = Non-vault monster count
 E = Vault monster count
 F = Vault count percentage of total count
                 A         B        C        D         E       F
            +---------+---------+-------+---------+---------+-------
      Total |     158 |      16 |   9.2 |      49 |      10 |  16.9
            +---------+---------+-------+---------+---------+-------
        D:1 |      47 |       6 |  11.3 |      25 |       4 |  13.8
        D:2 |      32 |      10 |  23.8 |      13 |       6 |  31.6
        D:3 |      79 |       0 |   0.0 |      11 |       0 |   0.0
            +---------+---------+-------+---------+---------+-------
